 Dungeon Crawl Stone Soup version 0.17.0-24-gcfadda4 (console) character file.

45845 Kloppie the Champion of Chaos (level 14, -1/88 HPs)
             Began as a Gargoyle Fighter on Nov 18, 2015.
             Was the Champion of Makhleb.
             Killed from afar by an ice dragon (32 damage)
             ... with a blast of cold
             ... on level 15 of the Dungeon.
             The game lasted 00:39:15 (14999 turns).

Kloppie the Champion of Chaos (Gargoyle Fighter)   Turns: 14999, Time: 00:39:15

Health: -1/88      AC: 32    Str: 23    XL:     14   Next: 34%
Magic:  34/34      EV:  8    Int:  9    God:    Makhleb [******]
Gold:   873        SH:  0    Dex: 19    Spells: 0 memorised, 13 levels left

rFire  + . .     SeeInvis .     a - +2 dire flail (drain)
rCold  . . .     Clarity  .     S - +4 chain mail {rF+}
rNeg   + . .     SustAt   .     (shield currently unavailable)
rPois  ∞         Gourm    .     (no helmet)
rElec  +         Spirit   .     q - +1 cloak
rCorr  .         Warding  .     Y - +0 pair of gloves {Dex+3}
rMut   .         Stasis   .     z - +1 pair of boots "Raulufur" {Str+2}
MR     +....                    p - amulet of regeneration
Stlth  ..........               K - +3 ring of dexterity
                                D - ring of magical power

@: somewhat resistant to hostile enchantments, extremely unstealthy
A: big wings, negative energy resistance 1, electricity resistance, unbreathing,
petrification resistance, rot immunity, AC +9
a: Fly, Minor Destruction, Lesser Servant of Makhleb, Major Destruction, Greater
Servant of Makhleb, Renounce Religion


You were on level 15 of the Dungeon.
You worshipped Makhleb.
Makhleb was exalted by your worship.
You were near starving.

You visited 2 branches of the dungeon, and saw 16 of its levels.
You also visited: Labyrinth.

You collected 950 gold pieces.
You spent 77 gold pieces at shops.

Inventory:

Hand Weapons
 a - a +2 dire flail of draining (weapon)
 F - a +0 morningstar
 W - a +2 dire flail
Armour
 q - a +1 cloak (worn)
 z - the +1 pair of boots "Raulufur" (worn) {Str+2}
   (You found it on level 4 of the Dungeon)

   It affects your strength (+2).
 S - a +4 chain mail of fire resistance (worn)
 Y - a +0 pair of gloves of dexterity (worn)
Jewellery
 c - an uncursed amulet of resist corrosion
 h - an uncursed ring of teleportation
 p - an amulet of regeneration (around neck)
 D - a ring of magical power (left hand)
 I - an uncursed ring of fire
 K - a +3 ring of dexterity (right hand)
Wands
 b - a wand of slowing (25)
 g - a wand of hasting (5)
 i - a wand of lightning (6)
 m - a wand of draining (5)
 y - a wand of enslavement (16)
 G - a wand of digging (10)
 L - a wand of lightning (4)
 M - a wand of frost (32)
 Q - a wand of fire (11)
 R - a wand of draining (7)
 X - a wand of frost (23)
Scrolls
 j - 5 scrolls of teleportation
 k - 3 scrolls of recharging
 n - 10 scrolls of identify
 x - 2 scrolls of enchant armour
 B - 2 scrolls of amnesia
 N - 2 scrolls of fog
 O - a scroll of magic mapping
 T - 3 scrolls of remove curse
Potions
 d - 2 potions of flight
 o - 2 potions of brilliance
 r - 4 potions of haste
 t - 2 potions of heal wounds
 u - 8 potions of curing
 E - a potion of lignification
 J - a potion of ambrosia
 V - a potion of magic
Books
 s - a book of Geomancy

   Spells                             Type                      Level
   a - Sandblast                      Earth                        1
   b - Stoneskin                      Transmutation/Earth          2
   c - Passwall                       Transmutation/Earth          3
   d - Stone Arrow                    Conjuration/Earth            3
   e - Petrify                        Transmutation/Earth          4
   f - Lee's Rapid Deconstruction     Earth                        5
 w - a book of Cantrips

   Spells                             Type                      Level
   a - Corona                         Hexes                        1
   b - Animate Skeleton               Necromancy                   1
   c - Summon Small Mammal            Summoning                    1
   d - Apportation                    Translocation                1
 A - a book of Beasts

   Spells                             Type                      Level
   a - Summon Butterflies             Summoning                    1
   b - Call Canine Familiar           Summoning                    3
   c - Summon Ice Beast               Ice/Summoning                4
   d - Summon Mana Viper              Hexes/Summoning              5
   e - Summon Hydra                   Summoning                    7
 C - a book of Callings

   Spells                             Type                      Level
   a - Summon Small Mammal            Summoning                    1
   b - Call Imp                       Summoning                    2
   c - Call Canine Familiar           Summoning                    3
   d - Summon Guardian Golem          Hexes/Summoning              3
   e - Summon Lightning Spire         Summoning/Air                4
   f - Summon Ice Beast               Ice/Summoning                4
 H - a Grand Grimoire

   Spells                             Type                      Level
   a - Monstrous Menagerie            Summoning                    6
   b - Summon Greater Demon           Summoning                    7
   c - Malign Gateway                 Summoning/Translocation      7
   d - Summon Horrible Things         Summoning                    8
 P - a book of Beasts

   Spells                             Type                      Level
   a - Summon Butterflies             Summoning                    1
   b - Call Canine Familiar           Summoning                    3
   c - Summon Ice Beast               Ice/Summoning                4
   d - Summon Mana Viper              Hexes/Summoning              5
   e - Summon Hydra                   Summoning                    7
Comestibles
 e - 8 bread rations
 f - 6 meat rations
 l - 2 royal jellies
 v - 3 beef jerkies
 U - 2 chunks of flesh


   Skills:
 - Level 10.7 Fighting
 - Level 14.0 Maces & Flails
 - Level 11.1 Armour
   Level 3.2 Shields
 + Level 15.6 Invocations


You had 13 spell levels left.
You didn't know any spells.

Dungeon Overview and Level Annotations

Branches:
Dungeon (15/15)            Temple (1/1) D:5            Lair (0/8) D:11
    Orc (0/4) D:10         Vaults (0/5) D:13
 Depths: D:15

Altars:
Ashenzari
Cheibriados
Dithmenos
Elyvilon
Fedhas
Gozag
Kikubaaqudgha
Makhleb
Nemelex Xobeh
Okawaru
Qazlal
Ru
Sif Muna
Trog
Xom
Zin
The Shining One

Shops:
D:7 !}*%   D:9 [*   D:10 [(???

Annotations:
D:12 6 runed doors


Innate Abilities, Weirdness & Mutations

You are resistant to torment.
Your stone body is resilient (AC +9).
You are immune to poison.
Your large and strong wings let you fly indefinitely.
You resist negative energy.
You are resistant to electric shocks.
You can survive without breathing.
You are immune to petrification.
You are immune to rotting.


Message History

* * * LOW HITPOINT WARNING * * *
Your ufetubus barely misses the ice dragon.
Your ufetubus hits the ice dragon. x2
Your ufetubus closely misses the ice dragon.
The ice dragon bites you but does no damage.
The ice dragon claws you but does no damage.
The ice dragon tramples you but does no damage.
You completely miss the ice dragon.
The ice dragon is heavily wounded.
Something hits you.
* * * LOW HITPOINT WARNING * * *
Your ufetubus closely misses the ice dragon. x2
Your ufetubus hits the ice dragon.
Your ufetubus hits the ice dragon but does no damage.
Your ynoxinul gestures.
You hit the ice dragon but do no damage.
The ice dragon is heavily wounded.
The ice dragon breathes frost at you. The blast of cold hits you!
You die...

#...#$.
.$#............
#...#$.
.$#............
###.#$. .$#
###########
#.#$D .$#
#.#$.#.?#
#.##...#
#.###.##
#55##)# #533@D#
#55855# #5555##
##.5## #.## ###


You could see an ice dragon, 2 friendly ynoxinuls and 12 friendly ufetubi.

Vanquished Creatures
  A salamander stormcaller (D:15)
  A minotaur (Lab)
  A vault guard (D:13)
  A hydra (D:14)
  A fire dragon (D:13)
  Josephine (D:10)
  A rakshasa (D:15)
  An ice dragon (D:15)
  3 centaur warriors
  2 tengu warriors
  2 unseen horrors (D:13)
  A shadow wraith (D:13)
  11 skeletal warriors
  7 hill giants
  7 ugly things
  6 cyclopes
  2 manticores
  4 slime creatures (D:12)
  Joseph (D:10)
  4 gargoyles
  A guardian serpent (D:13)
  A kobold demonologist (D:14)
  A komodo dragon (D:15)
  A redback zombie (D:15)
  4 tengu conjurers
  An efreet (D:14)
  A merfolk (D:9)
  Grinder (D:4)
  6 trolls
  2 two-headed ogres
  2 harpy skeletons (D:14)
  A boulder beetle (D:12)
  8 yaks
  A trapdoor spider (D:14)
  Sigmund (D:3)
  2 shadows
  2 wyverns
  4 wraiths
  A vampire (D:12)
  4 deep elf magi
  3 hungry ghosts
  2 basilisks
  Grum (D:10)
  4 hippogriffs
  A mottled dragon (D:11)
  Menkaure (D:5)
  A water moccasin (D:13)
  2 wolves (D:10)
  Duvessa (D:7)
  An ice beast (D:12)
  4 sky beasts
  5 orc warriors
  2 phantoms
  A black bear (D:11)
  4 necrophages
  6 ogres
  An eye of draining (D:15)
  A crocodile (D:13)
  5 centaurs
  5 big kobolds
  A gnoll sergeant (D:6)
  Dowan (D:7)
  4 giant frogs
  A wyvern skeleton (D:9)
  A water moccasin zombie (D:5)
  2 wyvern zombies
  3 scorpions
  4 killer bees (D:11)
  A lava snake (D:10)
  7 crimson imps
  10 wights
  7 orc priests
  5 centaur skeletons
  2 giant frog skeletons
  3 gnoll shamans (D:6)
  Crazy Yiuf (D:2)
  11 hounds
  3 jellies
  12 orc wizards
  7 worker ants
  3 centaur zombies
  Natasha (thrice) (D:4)
  4 iguanas
  2 hound zombies
  A worker ant zombie (D:6)
  37 gnolls (D:6)
  A hound skeleton (D:8)
  15 adders
  A river rat (D:11)
  4 shadow imps
  3 oozes
  2 adder skeletons
  5 worms (D:2)
  2 giant geckos
  65 orcs
  A ball python (D:8)
  5 giant cockroaches
  10 goblins
  13 hobgoblins
  25 jackals
  6 quokkas
  16 bats
  2 giant gecko skeletons (D:5)
  2 giant newts
  2 jackal skeletons
  32 kobolds
  A quokka skeleton (D:4)
  15 rats
518 creatures vanquished.

Vanquished Creatures (others)
  A skeletal warrior (D:15)
  A deep elf mage (D:11)
  2 orc warriors
  An adder zombie (D:8)
  An orc (D:11)
  2 fire vortices (D:15)
8 creatures vanquished.

Grand Total: 526 creatures vanquished

Notes
Turn   | Place    | Note
--------------------------------------------------------------
     0 | D:1      | Kloppie the Gargoyle Fighter began the quest for the Orb.
     0 | D:1      | Reached XP level 1. HP: 14/14 MP: 1/1
   129 | D:1      | Reached XP level 2. HP: 16/19 MP: 2/2
   375 | D:1      | Reached XP level 3. HP: 23/23 MP: 3/3
   780 | D:2      | Noticed Sigmund
   992 | D:3      | Reached skill level 4 in Maces & Flails
  1118 | D:3      | Reached XP level 4. HP: 21/28 MP: 4/4
  1236 | D:3      | Reached skill level 5 in Maces & Flails
  1236 | D:3      | Reached XP level 5. HP: 32/32 MP: 5/5
  1578 | D:2      | Found a shadowy altar of Dithmenos.
  1578 | D:2      | Found a glowing golden altar of the Shining One.
  1678 | D:2      | Noticed Crazy Yiuf
  1688 | D:2      | Killed Crazy Yiuf
  1688 | D:2      | Reached skill level 6 in Maces & Flails
  1733 | D:2      | Noticed a moth of wrath
  1736 | D:2      | Found a bloodstained altar of Trog.
  1754 | D:2      | Reached XP level 6. HP: 18/37 MP: 6/6
  2393 | D:3      | Killed Sigmund
  2393 | D:3      | Reached skill level 7 in Maces & Flails
  2656 | D:3      | Reached XP level 7. HP: 41/41 MP: 7/7
  2847 | D:4      | Noticed Natasha
  2859 | D:4      | Killed Natasha
  2981 | D:4      | Found a sacrificial altar of Ru.
  3117 | D:4      | Noticed Natasha
  3123 | D:4      | Killed Natasha
  3225 | D:4      | Noticed Natasha
  3245 | D:4      | Killed Natasha
  3284 | D:4      | Reached skill level 8 in Maces & Flails
  3563 | D:4      | Noticed Grinder
  3586 | D:4      | Killed Grinder
  3606 | D:4      | Got a pair of translucent boots
  3797 | D:4      | Identified the +1 pair of boots "Raulufur" {Str+2} (You found it on level 4 of the Dungeon)
  3863 | D:5      | Entered Level 5 of the Dungeon
  3869 | D:5      | Reached skill level 9 in Maces & Flails
  3887 | D:5      | Reached XP level 8. HP: 38/46 MP: 8/8
  4032 | D:5      | Noticed Menkaure
  4037 | D:5      | Killed Menkaure
  4318 | D:5      | Reached skill level 10 in Maces & Flails
  4527 | D:5      | Found a staircase to the Ecumenical Temple.
  4667 | Temple   | Entered the Ecumenical Temple
  4674 | Temple   | Became a worshipper of Makhleb the Destroyer
  4794 | D:5      | Found a deep blue altar of Sif Muna.
  4935 | D:5      | HP: 1/46 [orc priest/divine providence (11)]
  5304 | D:6      | Found a shattered altar of Ashenzari.
  5406 | D:6      | Reached skill level 11 in Maces & Flails
  5514 | D:6      | Reached * piety under Makhleb
  5701 | D:6      | Reached XP level 9. HP: 51/51 MP: 9/9
  6131 | D:6      | Found an ancient bone altar of Kikubaaqudgha.
  6201 | D:6      | Reached ** piety under Makhleb
  6323 | D:6      | Reached skill level 12 in Maces & Flails
  6746 | D:7      | Found an iron altar of Okawaru.
  6804 | D:7      | Found Puhosuys's Food Shop.
  6833 | D:7      | Found Emyufat's General Store.
  6855 | D:7      | Found Ceus's Gadget Shoppe.
  6867 | D:7      | Noticed Duvessa
  6867 | D:7      | Noticed Dowan
  6877 | D:7      | Killed Duvessa
  6888 | D:7      | Killed Dowan
  6954 | D:7      | Found Uremubin's Distillery.
  6957 | D:7      | Bought a potion of degeneration for 11 gold pieces
  6957 | D:7      | Bought a potion of heal wounds for 55 gold pieces
  6957 | D:7      | Bought a potion of poison for 11 gold pieces
  7010 | D:7      | Reached *** piety under Makhleb
  7022 | D:7      | Found Wypapor's Distillery.
  7238 | D:8      | Reached skill level 13 in Maces & Flails
  7441 | D:8      | Got a dazzling ring mail
  7442 | D:8      | Identified the cursed +1 ring mail "Giteqeal" {rN++ Int-4} (You found it on level 8 of the Dungeon)
  7538 | D:8      | You fall through a shaft!
  7603 | D:9      | Found Gozag's Platinum Reserve.
  7603 | D:9      | Found an opulent altar of Gozag.
  7619 | D:9      | Reached XP level 10. HP: 46/56 MP: 10/10
  7816 | D:8      | Found a stormy altar of Qazlal.
  8097 | D:9      | Noticed a gargoyle
  8487 | D:9      | Killed a gargoyle
  8487 | D:9      | Reached skill level 14 in Maces & Flails
  8817 | D:9      | Reached **** piety under Makhleb
  8994 | D:9      | Found Mael's Armour Shoppe.
  9069 | D:10     | Entered Level 10 of the Dungeon
  9085 | D:10     | Found Jazab's Magic Scroll Boutique.
  9086 | D:10     | Noticed a hill giant
  9098 | D:10     | Killed a hill giant
  9098 | D:10     | Reached skill level 5 in Fighting
  9098 | D:10     | Reached skill level 5 in Armour
  9145 | D:10     | Found Cuedauc's Magic Scroll Shoppe.
  9160 | D:10     | Noticed Joseph
  9172 | D:10     | Killed Joseph
  9266 | D:10     | Reached ***** piety under Makhleb
  9314 | D:10     | Found Utaxt's Magic Scroll Boutique.
  9401 | D:10     | Found Tuibanogh's Antique Weapon Shop.
  9414 | D:10     | Noticed Josephine
  9431 | D:10     | Killed Josephine
  9431 | D:10     | Reached XP level 11. HP: 64/67 MP: 11/11
  9466 | D:10     | Found Umedudgh's Armour Shop.
  9487 | D:10     | Noticed a hill giant
  9493 | D:10     | Killed a hill giant
  9506 | D:10     | Noticed a hill giant
  9512 | D:10     | Killed a hill giant
  9514 | D:10     | Noticed Grum
  9524 | D:10     | Killed Grum
  9763 | D:10     | Found a staircase to the Orcish Mines.
  9994 | D:11     | Found a staircase to the Lair.
 10268 | D:11     | HP: 1/69 [gargoyle/stone arrow (15)]
 10564 | D:11     | Found a shimmering altar of Xom.
 10769 | D:12     | Reached skill level 10 in Armour
 10791 | D:12     | Reached XP level 12. HP: 77/77 MP: 12/12
 10794 | D:12     | Reached skill level 10 in Fighting
 10921 | D:12     | Reached ****** piety under Makhleb
 10931 | D:12     | Found a runed gate.
 10931 | D:12     | Found a runed gate.
 10931 | D:12     | Found a runed gate.
 10937 | D:12     | Noticed a stone giant
 10953 | D:12     | Noticed a hill giant
 10963 | D:12     | Killed a hill giant
 10967 | D:12     | Noticed an ettin
 10969 | D:12     | Noticed a tengu reaver
 10980 | D:12     | Noticed an ettin
 10980 | D:12     | Noticed a tengu warrior
 11028 | D:12     | Found a runed gate.
 11028 | D:12     | Found a runed gate.
 11028 | D:12     | Found a runed gate.
 11146 | D:12     | Reached skill level 1 in Invocations
 11375 | D:12     | Found an ancient bone altar of Kikubaaqudgha.
 11910 | D:13     | Reached skill level 5 in Invocations
 12315 | D:13     | Noticed a centaur warrior
 12328 | D:13     | Killed a centaur warrior
 12328 | D:13     | Reached XP level 13. HP: 77/83 MP: 20/20
 12362 | D:13     | Noticed a vault guard
 12362 | D:13     | Noticed a fire dragon
 12390 | D:13     | Killed a vault guard
 12390 | D:13     | Reached skill level 10 in Invocations
 12426 | D:13     | Killed a fire dragon
 12516 | D:13     | Found a gate to the Vaults.
 12604 | D:13     | Noticed a tengu warrior
 12635 | D:13     | Killed a tengu warrior
 12796 | D:14     | Found a labyrinth entrance.
 12808 | Lab      | Entered a labyrinth
 13185 | Lab      | Noticed a minotaur
 13206 | Lab      | Killed a minotaur
 13211 | Lab      | Got a faintly glowing ice dragon armour
 13248 | D:14     | Identified the cursed +0 ice dragon armour of Qoklyika {rF- rC++ Str-2 Int+2 Dex+4} (You took it off a minotaur in a labyrinth)
 13376 | D:14     | Found a shadowy altar of Dithmenos.
 13930 | D:14     | Got a slimy mace
 13931 | D:14     | Identified the cursed +0 mace of Ennuhy {freeze, rC- rN+ Int+10 Dex-3} (You found it on level 14 of the Dungeon)
 14159 | D:15     | Entered Level 15 of the Dungeon
 14166 | D:15     | Gained mutation: Your large and strong wings let you fly indefinitely. [Gargoyle growth]
 14166 | D:15     | Reached XP level 14. HP: 83/88 MP: 24/24
 14606 | D:15     | Reached skill level 15 in Invocations
 14612 | D:15     | Found a glowing golden altar of the Shining One.
 14739 | D:15     | Noticed a salamander stormcaller
 14771 | D:15     | Killed a salamander stormcaller
 14999 | D:15     | Killed from afar by an ice dragon

Action                   |  1- 3 |  4- 6 |  7- 9 | 10-12 | 13-15 || total
-------------------------+-------+-------+-------+-------+-------++-------
Melee: Flail             |   150 |   200 |    82 |       |       ||   432
       Morningstar       |       |       |   489 |    78 |       ||   567
       Dire flail        |       |       |       |   743 |   639 ||  1382
Invok: Lesser Servant of |       |       |       |       |     4 ||     4
Evoke: Wand              |       |       |       |     5 |       ||     5
  Use: Scroll            |       |       |    14 |     7 |     9 ||    30
       Potion            |       |       |     1 |     3 |     5 ||     9
  Eat: Chunk             |     1 |     5 |    16 |    17 |     9 ||    48
       Fruit             |       |       |       |     2 |       ||     2
       Pizza             |       |       |       |       |     1 ||     1
       Beef jerky        |       |       |       |       |     2 ||     2
